Map: Acid Plant LE

Players

Angelus - Winner!

  • Race: Zerg Zerg
  • League: Diamond
  • Spawn Location: 11:00

Plasmid

  • Race: Zerg Zerg
  • League: Diamond
  • Spawn Location: 5:00

VOD

Have the link to the VOD?

Description

Aggressive game

Time

  • Played on: April 10, 2018, 10:37 p.m.
  • Length: 17:14
Show
View Real Time Build Order
Export as new Build Order

Angelus Zerg - Winner!

Build Orders: Hatch First, Lurkers 

Get SALT Encoding   

  12  0:01  Drone  
  13  0:11  Drone  
  14  0:16  Extractor  
  14  0:18  Overlord  
  13  0:24  Drone  
  14  0:40  Drone x2  
  16  0:45  Drone  
  17  0:56  Drone  
  18  1:05  Hatchery  
  17  1:19  Spawning Pool  
  17  1:22  Drone  
  18  1:25  Drone  
  18  1:29  Drone  
  19  1:40  Drone  
  20  1:49  Overlord  
  20  2:00  Hatchery  
  19  2:08  Queen  
  19  2:15  Metabolic Boost  
  21  2:18  Zergling x2  
  21  2:21  Zergling x2  
  23  2:24  Zergling x2  
  23  2:27  Zergling x2  
  25  2:30  Zergling x2  
  26  2:45  Drone x3  
  26  2:50  Drone  
  30  2:54  Overlord  
  30  3:00  Drone  
  30  3:04  Drone  
  32  3:15  Hatchery  
  32  3:18  Drone x2  
  32  3:19  Drone  
  33  3:22  Drone  
  33  3:26  Baneling Nest  
  33  3:28  Drone  
  33  3:31  Drone  
  35  3:38  Drone  
  35  3:39  Drone x2  
  38  3:45  Zergling x2  
  38  3:46  Zergling x2  
  40  4:02  Zergling x2  
  41  4:03  Zergling x10  
  41  4:06  Spine Crawler  
  41  4:07  Spine Crawler  
  44  4:10  Spine Crawler  
  44  4:16  Baneling x2  
  39  4:19  Drone x4  
  39  4:20  Drone  
  44  4:27  Spine Crawler  
  43  4:31  Drone x2  
  43  4:32  Drone x2  
  43  4:36  Baneling  
  43  4:37  Baneling  
  43  4:57  Zergling x12  
  49  5:10  Evolution Chamber, Drone x2  
  49  5:11  Extractor  
  42  5:15  Queen  
  42  5:18  Drone  
  42  5:19  Drone x4  
  49  5:28  Hatchery  
  49  5:33  Zergling x6  
  50  5:39  Baneling  
  50  5:40  Baneling x3  
  46  5:59  Zergling x12  
  46  6:01  Overlord x2  
  46  6:02  Overlord  
  50  6:17  Hatchery  
  49  6:21  Zergling x2  
  49  6:22  Zergling x16  
  58  6:29  Queen  
  58  6:30  Drone x4  
  58  6:31  Drone  
  65  6:34  Extractor  
  65  6:35  Lair, Extractor  
  59  6:46  Zergling x12  
  63  6:57  Baneling x3  
  63  6:58  Baneling  
  62  7:07  Baneling x2  
  62  7:08  Zergling x14  
  66  7:29  Zergling x10  
  67  7:30  Zergling x2  
  65  7:41  Drone  
  65  7:43  Zerg Ground Armor Level 1  
  66  7:47  Zergling x18  
  70  8:05  Drone  
  62  8:07  Drone  
  62  8:08  Drone x2  
  62  8:10  Hydralisk Den  
  62  8:11  Drone x3  
  62  8:12  Drone x3  
  70  8:16  Hatchery  
  70  8:19  Zergling x8  
  73  8:21  Zergling x10  
  78  8:36  Zergling x2  
  78  8:38  Overlord  
  78  8:39  Overlord x2  
  79  8:47  Evolution Chamber  
  78  8:49  Drone  
  76  9:03  Hydralisk x2, Zergling x18  
  76  9:04  Hydralisk x2  
  91  9:12  Muscular Augments  
  91  9:17  Zerg Missile Weapons Level 1  
  91  9:22  Hydralisk x3  
  96  9:47  Zergling x10  
  98  9:53  Hydralisk x5  
  98  9:58  Drone, Lurker Den  
  108  10:00  Overlord  
  108  10:05  Drone x2  
  110  10:09  Baneling x3  
  110  10:10  Baneling  
  106  10:18  Drone x4  
  106  10:20  Baneling  
  106  10:21  Baneling x3  
  110  10:23  Baneling x2  
  110  10:28  Hydralisk  
  110  10:29  Hydralisk  
  110  10:32  Drone  
  110  10:33  Drone  
  110  10:34  Drone  
  117  10:36  Drone  
  117  11:00  Overlord x2  
  117  11:01  Overlord x2  
  115  11:21  Centrifical Hooks, Grooved Spines  
  100  11:38  Zergling x24  
  100  11:39  Zergling x22  
  113  11:43  Queen  
  99  11:47  Zerg Ground Armor Level 2  
  93  11:56  Hydralisk x2  
  95  12:04  Zerg Missile Weapons Level 2  
  95  12:06  Drone  
  95  12:07  Drone x5  
  102  12:08  Drone  
  102  12:10  Drone  
  103  12:24  Hydralisk  
  103  12:25  Hydralisk x4  
  113  12:32  Overseer  
  113  12:40  Hydralisk x4  
  121  12:46  Zergling x6  
  121  12:47  Zergling x4  
  127  12:58  Lurker x4  
  127  13:02  Lurker  
  127  13:03  Drone  
  132  13:09  Drone x2  
  132  13:12  Extractor x2  
  132  13:16  Baneling x6  
  127  13:20  Hydralisk  
  127  13:21  Zergling x2  
  127  13:22  Zergling x18  
  112  13:53  Hydralisk  
  112  13:54  Hydralisk x2  
  117  13:57  Hydralisk x5  
  117  13:59  Zergling x16  
  117  14:00  Zergling x2  
  133  14:16  Hatchery  
  132  14:18  Zergling x2  
  132  14:19  Zergling x4  
  132  14:20  Zergling x4  
  137  14:25  Hydralisk x2  
  141  14:32  Lurker  
  141  14:33  Lurker  
  140  14:58  Queen  
  135  15:03  Zergling x14  
  140  15:18  Lurker  
  141  15:26  Zergling x8  
  141  15:44  Pneumatized Carapace  
  141  15:47  Zergling x2  
  141  15:48  Zergling x4  
  135  16:23  Baneling x2  
  135  16:24  Zergling x20  
  135  16:25  Zergling x4  
  135  16:53  Zergling x8  
  135  16:54  Zergling x20  
Show
View Real Time Build Order
Export as new Build Order

Plasmid Zerg 

Build Orders: Hatch First, Lurkers 

Get SALT Encoding   

  12  0:01  Drone  
  13  0:12  Overlord  
  13  0:17  Drone  
  14  0:31  Drone  
  14  0:32  Drone  
  14  0:35  Drone  
  17  0:46  Drone  
  18  0:56  Hatchery  
  17  1:02  Drone  
  17  1:03  Extractor  
  17  1:07  Drone  
  18  1:19  Spawning Pool  
  18  1:21  Drone  
  18  1:35  Overlord  
  18  1:43  Drone  
  19  1:51  Drone  
  20  2:07  Metabolic Boost  
  20  2:08  Zergling x2, Queen  
  21  2:09  Queen  
  21  2:12  Drone  
  21  2:14  Drone  
  27  2:27  Drone x2  
  29  2:37  Drone  
  29  2:38  Baneling Nest, Drone  
  30  2:50  Hatchery  
  29  2:54  Zergling x2  
  29  2:56  Zergling x2  
  31  3:03  Zergling x6  
  34  3:10  Zergling x2  
  35  3:17  Zergling x2  
  36  3:22  Overlord x2  
  36  3:26  Overlord  
  36  3:38  Baneling x2  
  36  3:42  Drone x3  
  36  3:43  Drone x3  
  41  4:18  Zergling x10  
  41  4:19  Zergling x8  
  49  4:25  Overlord  
  49  4:26  Overlord  
  49  4:30  Roach Warren  
  48  4:37  Baneling x2  
  48  4:38  Baneling x3  
  39  5:00  Zergling x2  
  39  5:01  Zergling x16  
  39  5:02  Zergling x12  
  48  5:14  Drone x2  
  48  5:15  Drone  
  48  5:18  Queen  
  48  5:19  Lair  
  53  5:27  Drone x3  
  56  5:32  Evolution Chamber  
  55  5:35  Evolution Chamber  
  55  5:36  Baneling x2  
  54  5:51  Drone x5  
  54  5:52  Drone x7  
  65  6:02  Zerg Missile Weapons Level 1, Zerg Ground Armor Level 1  
  65  6:07  Extractor  
  65  6:08  Extractor  
  63  6:15  Spine Crawler  
  63  6:16  Spine Crawler  
  63  6:18  Baneling x2  
  61  6:19  Zergling x2  
  61  6:20  Zergling x16  
  69  6:45  Baneling x3  
  64  6:55  Baneling  
  61  7:05  Extractor  
  41  7:32  Roach  
  41  7:33  Zergling x2, Roach x8  
  41  7:34  Zergling x12, Roach x2  
  41  7:35  Zergling x4  
  69  7:38  Zergling x6  
  69  7:39  Zergling x2  
  73  7:47  Roach  
  65  8:18  Drone  
  65  8:19  Drone x9  
  75  8:26  Drone  
  76  8:29  Glial Reconstitution  
  76  8:30  Zerg Missile Weapons Level 2, Zerg Ground Armor Level 2  
  76  8:32  Hatchery  
  75  8:36  Drone  
  75  8:41  Overlord x2  
  75  8:59  Queen  
  77  9:06  Baneling x3  
  77  9:07  Roach  
  77  9:08  Roach x6  
  91  9:14  Centrifical Hooks  
  91  9:21  Overlord x2  
  91  9:22  Overlord  
  91  9:46  Baneling x3  
  91  9:47  Baneling x4  
  90  10:01  Drone x4  
  90  10:02  Drone x6  
  100  10:10  Hydralisk Den  
  96  10:15  Roach x3  
  96  10:16  Roach x4  
  96  10:18  Hatchery  
  109  10:21  Roach x2  
  113  10:42  Queen, Overlord  
  113  10:43  Overlord, Lurker Den  
  114  10:55  Overseer  
  105  11:36  Hydralisk  
  105  11:37  Hydralisk x10  
  105  11:38  Hydralisk x6  
  97  12:06  Extractor  
  96  12:13  Lurker x3  
  96  12:15  Zergling x2  
  100  12:16  Zergling x22  
  100  12:17  Hatchery  
  110  12:29  Overlord x2  
  110  12:30  Overlord  
  110  12:42  Overlord x3  
  110  12:51  Overseer  
  110  12:55  Spine Crawler  
  110  12:56  Spine Crawler  
  108  13:01  Baneling x5  
  108  13:02  Baneling x8  
  108  13:09  Lurker x3  
  111  13:24  Baneling x5  
  111  13:25  Zergling x2, Baneling x6  
  111  13:26  Zergling x14  
  111  13:27  Zergling x16  
  75  13:51  Roach  
  75  13:52  Roach x8  
  87  14:12  Infestation Pit  
  87  14:14  Roach  
  87  14:15  Roach x7  
  102  14:18  Tunneling Claws  
  102  14:23  Zergling x2  
  105  14:24  Zergling x4  
  105  14:39  Zergling x2  
  105  14:40  Zergling x20  
  105  14:41  Zergling x4  
  108  15:04  Baneling  
  108  15:05  Baneling x9  
  108  15:06  Baneling x12  
  108  15:07  Baneling x4  
  96  15:08  Roach  
  96  15:10  Zergling x12  
  96  15:11  Zergling x12  
  96  15:13  Queen  
  110  15:19  Drone x2  
  112  15:26  Hive  
  112  15:35  Extractor  
  112  15:41  Extractor  
  110  15:45  Pneumatized Carapace  
  109  16:09  Spine Crawler  
  108  16:12  Spine Crawler  
  93  16:22  Overseer x3  
  93  16:24  Roach  
  93  16:25  Roach x12  
  101  16:33  Zergling x6  
  60  16:55  Baneling x4  
Tags
 
Add a new tag
Caveats
  • Supply blocks, unpowered buildings, or Contaminate may cause inaccurate times.
  • Supply counts are checked every 10 seconds.